 Dungeon Crawl Stone Soup version 0.29-a0-997-gf6f7e2dfe7 (webtiles) character file.

Game seed: 10151616816351823530

2433 Newt the Twirler (level 9, -2/56 (57) HPs)
             Began as an Octopode Transmuter on Aug 4, 2022.
             Slain by a wight
             ... wielding a +0 great sword
              (7 damage)
             ... on level 7 of the Dungeon.
             The game lasted 00:13:12 (6589 turns).

Newt the Twirler (Octopode Transmuter)              Turns: 6589, Time: 00:13:14

HP:   -2/56 (57)    AC:  1    Str: 12    XL:     9   Next: 48%
MP:   13/15         EV: 14    Int: 15    God:
Gold: 236           SH:  5    Dex: 14    Spells: 13/17 levels left

rFire   . . .      SeeInvis .   i - +1 quarterstaff (vorpal)
rCold   . . .      Faith    .   (shield currently unavailable)
rNeg    . . .      Spirit   .   (helmet currently unavailable)
rPois   .          Reflect  +   g - amulet of reflection
rElec   .          Harm     .   (no ring)
rCorr   .          Rampage  .   (no ring)
Will    .....                   (no ring)
Stlth   ++++......              (no ring)
HPRegen 0.18/turn               (no ring)
MPRegen 0.14/turn               (no ring)
                                (no ring)
                                (no ring)

@: appendages, wereblooded, lightly drained
A: tentacle spike 3, almost no armour, amphibious, 8 rings, camouflage 1,
gelatinous body 1, (nimble swimmer 1), tentacles
a: End Transformation


You were on level 7 of the Dungeon.
One of your tentacles had grown a beastly spike.
You visited 1 branch of the dungeon, and saw 7 of its levels.

You collected 236 gold pieces.

Inventory:

Hand Weapons
 h - the +5 hand axe of Rudui {vorpal, rC+}
   (You found it on level 6 of the Dungeon)

   It inflicts extra damage upon your enemies.
   rC:        It protects you from cold.
 i - a +1 vorpal quarterstaff (weapon)
Armour
 m - an orb of mayhem
Jewellery
 g - an amulet of reflection (around mantle)
 j - an amulet of regeneration
 k - a ring of flight
Wands
 a - a wand of iceblast (2)
Scrolls
 o - a scroll of amnesia
 q - a scroll of acquirement {unknown}
Potions
 b - 2 potions of flight
 c - 2 potions of berserk rage
 d - a potion of resistance
 e - a potion of haste
 f - a potion of cancellation
 n - 2 potions of lignification
 p - a potion of brilliance {unknown}


   Skills:
 + Level 3.2 Fighting
 * Level 7.2 Staves
 + Level 3.1 Dodging
 + Level 4.7 Stealth
 + Level 1.2 Shields
 + Level 4.1 Unarmed Combat
 + Level 4.5 Spellcasting
 * Level 4.3 Summonings
 + Level 4.7 Transmutations
 + Level 0.2 Evocations


You had 13 spell levels left.
You knew the following spells:

 Your Spells              Type           Power      Damage    Failure   Level
a - Beastly Appendage     Tmut           34%        N/A       2%          1
b - Wereblood             Tmut           17%        N/A       3%          2
c - Summon Small Mammal   Summ           64%        N/A       2%          1

Your spell library contained the following spells:

 Spells                   Type           Power      Damage    Failure   Level
 Sting                    Tmut/Pois      40%        1d5       6%          1
 Apportation              Tloc           6%         N/A       17%         1
 Necrotise                Necr           12%        1d4       17%         1
 Spider Form              Tmut/Pois      10%        N/A       19%         3
 Ensorcelled Hibernation  Hex/Ice        6%         N/A       26%         2
 Poisonous Vapours        Pois/Air       6%         N/A       26%         2
 Gell's Gravitas          Tloc           3%         N/A       45%         3
 Lesser Beckoning         Tloc           3%         N/A       45%         3
 Teleport Other           Tloc           3%         N/A       45%         3
 Ice Form                 Ice/Tmut       10%        N/A       54%         4
 Anguish                  Hex/Necr       1%         N/A       86%         4
 Olgreb's Toxic Radiance  Pois           3%         N/A       86%         4
 Alistair's Intoxication  Tmut/Pois      6%         N/A       87%         5
 Malign Gateway           Summ/Tloc      4%         N/A       100%        7
 Summon Horrible Things   Summ           8%         N/A       100%        8


Dungeon Overview and Level Annotations

Branches:
Dungeon (7/15)
 Temple: D:4-7

Altars:
Fedhas
Hepliaklqana
Okawaru
Vehumet

Shops:
D:1 (

Annotations:
D:3 exclusion: statue


Innate Abilities, Weirdness & Mutations

One of your tentacles has grown a beastly spike.
You cannot wear most types of armour.
You are amphibious.
You can wear up to eight rings at the same time.
Your skin changes colour to match your surroundings (Stealth+).
Your rubbery body absorbs attacks. (AC +1, EV +1)
((You are camouflaged when in or above water. (Stealth+)))
You have tentacles for arms and can constrict up to eight enemies at once.


Message History

You kill the centaur!
The wight barely misses you. x2
The wight hits you with a +0 great sword!!
You feel drained.
Your life force feels restored.
You closely miss the wight. Your grab misses the wight.
You pierce the wight.
Your squeeze misses the wight.
The wight is moderately damaged.
The wight closely misses you. x2
The wight hits you from afar with a +0 spear.
The wight closely misses you.
Unknown command.
You barely miss the wight. You grab the wight.
You pierce the wight.
You squeeze the wight.
The wight is severely damaged.
You constrict the wight. The wight closely misses you. x2
The wight hits you from afar with a +0 halberd!
* * * LOW HITPOINT WARNING * * *
You feel drained.
* * * LOW HITPOINT WARNING * * *
You block the wight's attack.
You hit the wight but do no damage.
You pierce the wight, but do no damage.
The wight is almost destroyed.
You howl as the wereblood boils in your veins!
You constrict the wight. The wight barely misses you.
You block the wight's attack. The wight closely misses you.
Unknown command.
You feel better.
You constrict the wight.
You feel a bit better.
You destroy the wight!
You block the wight's attack.
The wight hits you from afar with a +0 halberd!
* * * LOW HITPOINT WARNING * * *
The wight barely misses you.
You feel better.
You howl as the wereblood boils in your veins!
The wight misses you.
The wight hits you from afar with a +0 spear!
* * * LOW HITPOINT WARNING * * *
The wight hits you with a +0 great sword!
You die...

###. ### .....!...# ..#
.........# ..# #.........
..# .........# ..#
.........# ..# .....z...#
### .........).#
####..........z)@.###
......#.........z..>##
.....................##
......................#
##........[...........#
##....................####
.........................#
.......................#.##
.###..................#...#


You could see 3 wights.

Vanquished Creatures
  Grinder (D:3)
  Edmund (D:4)
  2 water moccasins
  An ice beast (D:5)
  2 black bears (D:4)
  3 ogres
  3 centaurs
  3 kobold brigands (D:5)
  A bullfrog (D:7)
  2 scorpions (D:5)
  2 wights (D:7)
  A howler monkey (D:5)
  A hound (D:6)
  4 orc priests
  Jessica (D:3)
  Ijyb (D:3)
  2 iguanas
  4 orc wizards
  9 adders
  A shadow imp (D:6)
  2 ufetubi (D:4)
  3 worms
  3 dart slugs
  26 orcs
  13 endoplasms
  6 giant cockroaches
  8 hobgoblins
  A jackal (D:4)
  3 quokkas
  5 ball pythons
  7 bats
  5 frilled lizards
  7 goblins
  14 kobolds
  6 rats
154 creatures vanquished.

Vanquished Creatures (collateral kills)
  A jelly (D:4)
1 creature vanquished.

Vanquished Creatures (others)
  6 fungi (D:5)
  3 plants (D:2)
  10 toadstools (D:5)
19 creatures vanquished.

Grand Total: 174 creatures vanquished

Notes
Turn   | Place    | Note
-------+----------+-------------------------------------------
     0 | D:1      | Newt the Octopode Transmuter began the quest for the Orb.
     0 | D:1      | Reached XP level 1. HP: 13/13 MP: 3/3
    90 | D:1      | Reached XP level 2. HP: 18/18 MP: 5/5
   230 | D:1      | Found Bomp's Weapon Shop.
   444 | D:1      | Found a faded altar of an unknown god.
   966 | D:2      | Learned a level 2 spell: Wereblood
   977 | D:2      | Reached XP level 3. HP: 21/23 MP: 2/6
  1130 | D:2      | Reached skill level 1 in Stealth
  1457 | D:2      | Reached XP level 4. HP: 28/28 MP: 5/7
  2090 | D:3      | Reached skill level 1 in Staves
  2099 | D:3      | Reached skill level 1 in Summonings
  2099 | D:3      | Reached XP level 5. HP: 33/33 MP: 8/8
  2264 | D:3      | Found a radiant altar of Vehumet.
  2264 | D:3      | Noticed a charred statue
  2318 | D:3      | Noticed Grinder
  2330 | D:3      | Paralysed by Grinder for 2 turns
  2332 | D:3      | Killed Grinder
  2333 | D:3      | Reached skill level 2 in Staves
  2333 | D:3      | Reached XP level 6. HP: 9/38 MP: 6/10
  2648 | D:3      | Noticed Ijyb
  2658 | D:3      | Killed Ijyb
  2707 | D:3      | Noticed Jessica
  2716 | D:3      | Killed Jessica
  3273 | D:4      | Noticed Edmund
  3314 | D:4      | Reached skill level 3 in Staves
  3508 | D:3      | Learned a level 1 spell: Summon Small Mammal
  3514 | D:4      | Reached XP level 7. HP: 38/43 MP: 6/11
  3825 | D:4      | Killed Edmund
  4155 | D:4      | Reached skill level 4 in Staves
  4155 | D:4      | Reached XP level 8. HP: 39/51 MP: 9/13
  4521 | D:5      | Entered Level 5 of the Dungeon
  4862 | D:5      | Reached skill level 5 in Staves
  5459 | D:5      | Reached skill level 6 in Staves
  5459 | D:5      | Reached XP level 9. HP: 40/56 MP: 13/15
  6001 | D:6      | Found an iron altar of Okawaru.
  6007 | D:6      | Identified the +5 hand axe of Rudui {vorpal, rC+}
  6038 | D:6      | Reached skill level 1 in Shields
  6139 | D:6      | Found a blossoming altar of Fedhas.
  6261 | D:6      | Found a hazy altar of Hepliaklqana.
  6316 | D:7      | Reached skill level 7 in Staves
  6468 | D:7      | Identified the +8 chain mail "Cuocoov" {Dex+7}
  6589 | D:7      | Slain by a wight

Illustrated notes

Levels and vault maps discovered:
D:1:      dpeg_arrival_shelter, layout_loops_cross,
          ebering_ecumenical_altar_petrified, serial_shops, nicolae_shop_trees
D:2:      layout_basic, lexackson_kobold_supper
D:3:      layout_basic, vehumet_statue, uniq_grinder, uniq_ijyb, uniq_jessica
D:4:      minmay_bubble_buster, layout_cave_pools, chequers_avenue,
          hangedman_abyss_or_decor_passed, minmay_cut_off, uniq_edmund
D:5:      cheibrodos_fertilizer, layout_basic,
          nicolae_concentric_dashed_squares_wild
D:6:      layout_rooms, mainiacjoe_overflow_small_starburst,
          nicolae_hepliaklqana_hippocampus, okawaru_ov_weapons_minmay,
          minmay_door_square, hex_intersection, kennysheep_generic_room_10
D:7:      layout_rooms, temple_hall

Skill      XL: |  1  2  3  4  5  6  7  8  9 |
---------------+----------------------------+-----
Stealth        | 1 2 3 4 |  4.7
Staves         | 1 2 3 4 6 7 |  7.2
Summonings     | 1 2 3 4 |  4.3
Unarmed Combat | 4 |  4.1
Transmutations | 3 4 |  4.7
Spellcasting   | 3 4 |  4.5
Fighting       | 2 3 |  3.2
Dodging        | 3 |  3.1
Shields        | 1 |  1.2
Evocations     | |  0.2

Action                   |  1- 3 |  4- 6 |  7- 9 || total
-------------------------+-------+-------+-------++-------
Melee: Unarmed           |    51 |       |       ||    51
       Constrict         |    18 |    10 |    37 ||    65
       Tentacles         |    14 |    10 |    43 ||    67
       Punch             |     1 |     1 |     3 ||     5
       Quarterstaff      |    25 |    63 |   156 ||   244
       Kick              |     6 |    11 |    49 ||    66
 Cast: Beastly Appendage |     5 |     9 |    20 ||    34
       Wereblood         |     3 |     8 |    15 ||    26
       Summon Small Mamm |       |     1 |     5 ||     6
Evoke: Wand              |       |       |     4 ||     4
  Use: Scroll            |     6 |       |     7 ||    13
       Potion            |       |     1 |     2 ||     3
 Stab: Sleeping          |    11 |     4 |    11 ||    26
       Distracted        |       |     1 |     1 ||     2
Armor: Skin              |     5 |    16 |     3 ||    24
Dodge: Dodged            |    38 |    17 |    94 ||   149
Block: Other             |     5 |    14 |    32 ||    51
       Reflection        |       |       |     3 ||     3

Table legend: (Time is in decaauts)
 A = Elapsed time spent in this place.
 B = Non-inter-level travel time spent in this place.
 C = Inter-level travel time spent in this place.
 D = Time resting spent in this place.
 E = Time spent auto-exploring this place.
 F = Levels seen in this place.
 G = Mean time per level.
                   A        B        C        D        E       F      G
               +--------+--------+--------+--------+--------+-----+--------+
         Total |   6614 |   6393 |    221 |   1080 |   4181 |   7 |  944.9 |
       Dungeon |   6614 |   6393 |    221 |   1080 |   4181 |   7 |  944.9 |
               +--------+--------+--------+--------+--------+-----+--------+

Top non-repeatable levels by time:
     D:3: 1739 daAuts
     D:4: 1388 daAuts
     D:2: 944 daAuts
     D:5: 923 daAuts
     D:1: 742 daAuts
     D:6: 572 daAuts
     D:7: 303 daAuts
